 Dungeon Crawl Stone Soup version 0.23.2-33-g5129a83184 (webtiles) character file.

Game seed: 14954943941912414255

223 Destapler the Poker (level 6, -1/47 HPs)
             Began as a Human Gladiator on July 27, 2019.
             Was a Follower of Fedhas.
             Slain by a killer bee (3 damage)
             ... on level 3 of the Dungeon.
             The game lasted 00:32:33 (3791 turns).

Destapler the Poker (Human Gladiator)               Turns: 3791, Time: 00:32:39

Health: -1/47      AC: 12    Str: 15 (16) XL:     6   Next: 20%
Magic:  5/7        EV:  3    Int:  5 (8)  God:    Fedhas [*.....]
Gold:   153        SH:  8    Dex: 14 (15) Spells: 5/5 levels left

rFire    . . .     SeeInvis .   q - +1 spear
rCold    . . .     Gourm    .   g - +0 shield
rNeg     . . .     Faith    .   h - +0 plate armour
rPois    .         Spirit   .   c - +0 helmet
rElec    .         Reflect  .   (no cloak)
rCorr    .         Harm     .   (no gloves)
MR       .....                  (no boots)
Stlth    ..........             (no amulet)
HPRegen  0.15/turn              (no ring)
MPRegen  0.10/turn              (no ring)

@: lethally poisoned (-1 -> -12), very slightly contaminated, glowing
A: no striking features
a: Fungal Bloom, Sunlight, Renounce Religion


You were on level 3 of the Dungeon.
You worshipped Fedhas.
Fedhas was aware of your devotion.
You were very hungry.

You visited 1 branch of the dungeon, and saw 4 of its levels.
You also visited: Sewer.

You collected 153 gold pieces.

Inventory:

Hand Weapons
 a - a +0 trident
 q - a +1 spear (weapon)
Missiles
 d - 2 throwing nets
 i - 121 stones (quivered)
Armour
 b - a +0 leather armour
 c - a +0 helmet (worn)
 g - a +0 shield (worn)
 h - a +0 plate armour (worn)
 k - a +0 buckler
 u - a +0 helmet
 y - a +0 helmet
 F - a +0 helmet
Jewellery
 p - an uncursed amulet of the gourmand {unknown}
 r - an uncursed ring of wizardry
Wands
 s - a wand of polymorph (10)
Scrolls
 j - 5 scrolls of identify {unknown}
 o - 4 scrolls of fog {unknown}
 w - 6 scrolls of teleportation {unknown}
 z - a scroll of random uselessness {unknown}
 A - a scroll of fear {unknown}
 B - a scroll of enchant armour {unknown}
Potions
 e - a potion of magic {unknown}
 l - a potion of haste {unknown}
 m - 3 potions of curing
 t - a potion of degeneration
 v - a potion of mutation {unknown}
 x - 4 potions of heal wounds {unknown}
 C - a potion of might {unknown}
 D - a potion of flight {unknown}
Comestibles
 f - 6 rations


   Skills:
 - Level 3.0 Fighting
 + Level 3.9 Polearms
 - Level 2.0 Throwing
 * Level 3.1 Armour
 - Level 3.2 Dodging
 + Level 1.7 Shields
 + Level 1.3 Invocations


You had 5 spell levels left.
You didn't know any spells.
Your spell library was empty.

Dungeon Overview and Level Annotations

Branches:
Dungeon (4/15)             Temple (0/1) D:4

Altars:
Fedhas
Nemelex Xobeh
Qazlal


Message History

The killer bee is almost dead.
You feel sick. The killer bee stings you.
* * * LOW HITPOINT WARNING * * *
You are lethally poisoned!
The killer bee poisons you! You block the killer bee's attack.
* * * LOW HITPOINT WARNING * * *
You feel sick. You block the killer bee's attack.
There is a stone staircase leading up here.
You see here 5 tomahawks.
Okay, then.
Select sunlight destination.
Press: ? - help, Dir - move target cursor, f - killer bee
Aim: a killer bee (almost dead)
You feel slightly more hungry.
* * * LOW HITPOINT WARNING * * *
You feel sick. The killer bee stings you!
* * * LOW HITPOINT WARNING * * *
The killer bee stings you.
You die...
Fedhas appreciates your contribution to the ecosystem.

#.....#..# ###.#(....#
#.....#.## #...#.#.# #.......#
#.....#.#
#.....#.########.###.##
#...........####.###..##
###............#..###..##
####..##........####..# ###
####....###...[.........####..
#....#.###...@.....###.....<.#
#...##.##...>y......###.###...
###.##.##.......#............#
#.##..#.......#.#<...#..####
#..##..#.....##.........###.
##.###.#........#####.....#.
#.# #........#.# ####....
#.###........#.# #>.).
#(.##........#.# #....


You could see a killer bee.

Vanquished Creatures
  A hound (D:2)
  5 adders
  3 river rats (Sewer)
  An ooze (D:1)
  3 worms (D:2)
  2 dart slugs (D:1)
  5 leopard geckos
  2 orcs (D:3)
  8 bats
  8 giant cockroaches
  6 goblins
  14 hobgoblins
  5 jackals
  6 kobolds
  A quokka (D:2)
  3 ball pythons
  9 frilled lizards
  A jackal skeleton (D:4)
  A quokka skeleton (D:4)
  19 rats
  A plant (D:1)
104 creatures vanquished.

Vanquished Creatures (others)
  27 toadstools
27 creatures vanquished.

Grand Total: 131 creatures vanquished

Notes
Turn   | Place    | Note
-------+----------+-------------------------------------------
     0 | D:1      | Destapler the Human Gladiator began the quest for the Orb.
     0 | D:1      | Reached XP level 1. HP: 16/16 MP: 1/1
    69 | D:1      | Reached XP level 2. HP: 19/22 MP: 2/2
   339 | D:1      | Reached XP level 3. HP: 28/28 MP: 3/3
   344 | D:1      | Reached skill level 1 in Armour
  1040 | D:2      | Reached XP level 4. HP: 34/34 MP: 4/4
  1508 | D:2      | Reached skill level 1 in Shields
  1508 | D:2      | Reached XP level 5. HP: 29/40 MP: 5/5
  1601 | D:2      | Found a stormy altar of Qazlal.
  1607 | D:2      | Found a blossoming altar of Fedhas.
  1620 | D:2      | Became a worshipper of Fedhas Madash
  2182 | D:3      | Found a glowing drain.
  2195 | Sewer    | Entered a sewer
  2413 | Sewer    | Reached * piety under Fedhas
  2446 | Sewer    | Reached skill level 1 in Invocations
  2704 | Sewer    | Reached XP level 6. HP: 30/47 MP: 6/6
  3240 | D:3      | Found a sparkling altar of Nemelex Xobeh.
  3371 | D:4      | Found a staircase to the Ecumenical Temple.
  3791 | D:3      | HP: 2/47 [killer bee (7)]
  3791 | D:3      | Slain by a killer bee

Skill      XL: |  1  2  3  4  5  6 |
---------------+-------------------+-----
Armour         | 1 2 3 |  3.1
Shields        | 1 |  1.7
Fighting       | 3 |  3.0
Invocations    | 1 |  1.3
Polearms       | |  3.9
Throwing       | |  2.0
Dodging        | |  3.2

Action                   |  1- 3 |  4- 6 || total
-------------------------+-------+-------++-------
Melee: Trident           |   154 |    86 ||   240
       Spear             |       |   308 ||   308
Throw: Stone             |    13 |    23 ||    36
       Throwing net      |     1 |     3 ||     4
Invok: Fungal Bloom      |       |    16 ||    16
       Sunlight          |       |     1 ||     1
  Use: Potion            |       |     4 ||     4
       Scroll            |       |     2 ||     2
 Stab: Held in net/web   |       |     1 ||     1
       Distracted        |       |     1 ||     1
  Eat: Chunk             |       |     9 ||     9
Armor: Leather armour    |     1 |       ||     1
       Plate armour      |    77 |   276 ||   353
       Skin              |     1 |       ||     1
Dodge: Dodged            |    31 |    41 ||    72
Block: Buckler           |    14 |    18 ||    32
       Shield            |       |   114 ||   114
